 Dungeon Crawl Stone Soup version 0.28-a0-932-g843f935a50 (webtiles) character file.

Game seed: 13662774218340996967

6 croobank the Insei (level 1, 0/13 HPs)
             Began as an Octopode Transmuter on Nov 28, 2021.
             Slain by a rat (3 damage)
             ... on level 1 of the Dungeon.
             The game lasted 00:01:49 (326 turns).

croobank the Insei (Octopode Transmuter)             Turns: 326, Time: 00:01:50

Health: 0/13       AC:  1    Str:  9    XL:     1   Next: 90%
Magic:  2/3        EV: 13    Int: 15    God:
Gold:   0          SH:  0    Dex: 12    Spells: 3/4 levels left

rFire   . . .      SeeInvis .   e - +0 dagger
rCold   . . .      Faith    .   (no shield)
rNeg    . . .      Spirit   .   (helmet currently unavailable)
rPois   .          Reflect  .   (no amulet)
rElec   .          Harm     .   d - ring of willpower
rCorr   .          Rampage  .   (no ring)
Will    +....                   (no ring)
Stlth   ++........              (no ring)
HPRegen 0.04/turn               (no ring)
MPRegen 0.08/turn               (no ring)
                                (no ring)
                                (no ring)

@: appendages
A: tentacle spike 3, almost no armour, amphibious, 8 rings, camouflage 1,
gelatinous body 1, (nimble swimmer 1), tentacles
a: End Transformation


You were on level 1 of the Dungeon.
One of your tentacles had grown a beastly spike.
You visited 1 branch of the dungeon, and saw 1 of its levels.

Inventory:

Hand Weapons
 e - a +0 dagger (weapon)
Missiles
 b - 19 stones
Jewellery
 d - a ring of willpower (left tentacle)
Potions
 c - a potion of attraction {unknown}


   Skills:
 + Level 1.0 Fighting
 + Level 2.1 Dodging
 + Level 3.2 Unarmed Combat
 + Level 2.0 Spellcasting
 + Level 2.1 Transmutations


You had 3 spell levels left.
You knew the following spells:

 Your Spells              Type           Power      Damage    Failure   Level
a - Beastly Appendage     Tmut           14%        N/A       10%         1

Your spell library contained the following spells:

 Spells                   Type           Power      Damage    Failure   Level
 Wereblood                Tmut           7%         N/A       14%         2
 Spider Form              Tmut/Pois      4%         N/A       41%         3
 Ice Form                 Ice/Tmut       4%         N/A       82%         4


Dungeon Overview and Level Annotations

Branches:
Dungeon (1/15)

Altars:

Shops:
D:1 (


Innate Abilities, Weirdness & Mutations

One of your tentacles has grown a beastly spike.
You cannot wear most types of armour.
You are amphibious.
You can wear up to eight rings at the same time.
Your skin changes colour to match your surroundings (Stealth+).
Your rubbery body absorbs attacks. (AC +1, EV +1)
((You are camouflaged near water. (Stealth+)))
You have tentacles for arms and can constrict up to eight enemies at once.


Message History

A quokka comes into view.
An endoplasm comes into view.
Found 7 stones.
You barely miss the rat. Your grab misses the rat. The rat bites you.
You completely miss the kobold. You grab the kobold. You constrict the kobold.
The kobold hits you but does no damage.
You release your grip on the kobold.
You miss the quokka. Your grab misses the quokka.
Your tentacle spike misses the quokka.
Your tentacle spike disappears.
The quokka misses you.
The kobold hits you with a +0 short sword.
You hit the quokka but do no damage. Your grab misses the quokka.
The quokka bites you. The kobold closely misses you.
You hit the quokka but do no damage. Your grab misses the quokka.
The quokka bites you.
* * * LOW HITPOINT WARNING * * *
The kobold barely misses you. The quokka barely misses you.
It was a potion of curing.
You feel better. The kobold barely misses you. The quokka misses you.
You hit the kobold but do no damage. You grab the kobold.
You squeeze the kobold.
You kill the kobold!
The quokka closely misses you. The rat closely misses you.
You barely miss the endoplasm. The endoplasm freezes you.
You are frozen.
The quokka twitches its whiskers.
The quokka closely misses you. The rat bites you.
You hit the endoplasm but do no damage. The endoplasm barely misses you.
The quokka barely misses you. The rat misses you.
Casting: Beastly Appendage (safe; 10% risk of failure)
Confirm with . or Enter, or press ? or * to list all spells.
One of your tentacles grows a vicious spike.
The quokka misses you. The endoplasm freezes you.
You are frozen.
* * * LOW HITPOINT WARNING * * *
The quokka barely misses you. The rat bites you.
You die...

#..#.........#..≈..#........
...#...........≈≈≈..........
..#. ........#..≈..#........
.# .. ...>..##...##........
#. .. .......##.##.........
. .............#......
#..........#...... .
#...Jr...##...... (..
#...r@..## #####
.....##..######
.............#
.............#
#...............
###....♣♣♣♣..... #...♣ ..###
#... .# ###. .#


You could see an endoplasm, a quokka and a rat.

Vanquished Creatures
  An endoplasm (D:1)
  A giant cockroach (D:1)
  A goblin (D:1)
  A kobold (D:1)
  A frilled lizard (D:1)
5 creatures vanquished.

Notes
Turn   | Place    | Note
-------+----------+-------------------------------------------
     0 | D:1      | croobank the Octopode Transmuter began the quest for the
                  | Orb.
     0 | D:1      | Reached XP level 1. HP: 13/13 MP: 3/3
    16 | D:1      | Found Jeymyip's Weapon Shop.
   326 | D:1      | Slain by a rat

Illustrated notes

Levels and vault maps discovered:
D:1:      dpeg_arrival_solitude, layout_rooms, serial_shops, shop,
          hellmonk_ecumenical_altar_heavens_door, amcnicky_mini_pool_small,
          nrook_campfire, kennysheep_another_room

Action                   || total
-------------------------++-------
Melee: Dagger            ||     9
       Unarmed           ||     9
       Constrict         ||     4
       Kick              ||     3
       Tentacles         ||     2
 Cast: Beastly Appendage ||     5
  Use: Potion            ||     1
Armor: Skin              ||     4
Dodge: Dodged            ||    14

Table legend: (Time is in decaauts)
 A = Elapsed time spent in this place.
 B = Non-inter-level travel time spent in this place.
 C = Inter-level travel time spent in this place.
 D = Time resting spent in this place.
 E = Time spent auto-exploring this place.
 F = Levels seen in this place.
 G = Mean time per level.
                   A        B        C        D        E       F      G
               +--------+--------+--------+--------+--------+-----+--------+
         Total |    324 |    324 |      0 |    239 |      7 |   1 |  324.0 |
       Dungeon |    324 |    324 |      0 |    239 |      7 |   1 |  324.0 |
               +--------+--------+--------+--------+--------+-----+--------+

Top non-repeatable levels by time:
     D:1: 324 daAuts
